 Dungeon Crawl Stone Soup version 0.21.1-1-g345015f (webtiles) character file.

992 Jawreze the Conjurer (level 7, -4/35 (36) HPs)
             Began as a Deep Elf Wizard on June 2, 2018.
             Was an Initiate of Vehumet.
             Slain by Blackrapter's ghost (11 damage)
             ... on level 6 of the Dungeon.
             The game lasted 00:16:22 (5319 turns).

Jawreze the Conjurer (Deep Elf Wizard)              Turns: 5319, Time: 00:16:22

HP:   -4/35 (36)    AC:  4    Str:  4    XL:     7   Next: 98%
MP:   2/18          EV: 13    Int: 25    God:    Vehumet [......]
Gold: 200           SH:  0    Dex: 13    Spells: 10/18 levels left

rFire    . . .     SeeInvis .   p - +0 dagger (drain)
rCold    . . .     Gourm    .   (no shield)
rNeg     . . .     Faith    .   a - +0 robe
rPois    .         Spirit   .   b - +0 hat
rElec    .         Reflect  .   w - +0 cloak
rCorr    .         Harm     .   B - +0 pair of gloves
MR       .....                  (no boots)
Stlth    ++........             (no amulet)
HPRegen  0.11/turn              (no ring)
MPRegen  0.16/turn              (no ring)

@: no status effects
A: no striking features
a: Renounce Religion


You were on level 6 of the Dungeon.
You worshipped Vehumet.
Vehumet was noncommittal.
You were not hungry.

You visited 1 branch of the dungeon, and saw 6 of its levels.
You also visited: Sewer.

You collected 200 gold pieces.

Inventory:

Hand Weapons
 p - a +0 dagger of draining (weapon)
 y - a +0 dagger of holy wrath
Armour
 a - a +0 robe (worn)
 b - a +0 hat (worn)
 w - a +0 cloak (worn)
 B - a +0 pair of gloves (worn)
Jewellery
 r - a cursed amulet of magic regeneration {unknown}
 t - an uncursed ring of positive energy {unknown}
Scrolls
 e - 4 scrolls of remove curse {unknown}
 f - 2 scrolls of blinking {unknown}
 h - 7 scrolls of identify {unknown}
 j - 4 scrolls of teleportation {unknown}
 m - a scroll of enchant armour {unknown}
 o - 4 scrolls of fog {unknown}
 s - 2 scrolls of immolation {unknown}
 C - a scroll of magic mapping {unknown}
Potions
 g - 6 potions of curing {unknown}
 i - a potion of might {unknown}
 l - a potion of berserk rage {unknown}
 n - 2 potions of heal wounds {unknown}
 q - 2 potions of brilliance {unknown}
 u - a potion of lignification {unknown}
 v - 3 potions of flight {unknown}
 x - 2 potions of resistance {unknown}
 z - a potion of haste {unknown}
 A - a potion of degeneration {unknown}
Books
 c - a book of Minor Magic

   Spells                             Type                      Level
   a - Magic Dart                     Conjuration                  1
   b - Blink                          Translocation                2
   c - Call Imp                       Summoning                    2
   d - Slow                           Hexes                        2
   e - Conjure Flame                  Conjuration/Fire             3
   f - Mephitic Cloud                 Conjuration/Poison/Air       3
 k - a book of Transfigurations

   Spells                             Type                      Level
   a - Irradiate                      Conjuration/Transmutation    5
   b - Statue Form                    Transmutation/Earth          6
   c - Hydra Form                     Transmutation                6
   d - Dragon Form                    Transmutation                7
Comestibles
 d - 6 rations


   Skills:
 - Level 2.4 Dodging
 - Level 2.4 Stealth
 - Level 6.4 Spellcasting
 + Level 6.7 Conjurations
 + Level 3.6 Summonings
 - Level 1.1 Translocations
 + Level 3.0 Air Magic
 + Level 3.3 Poison Magic


You had 10 spell levels left.
You knew the following spells:

 Your Spells              Type           Power        Failure   Level  Hunger
a - Magic Dart            Conj           ####         1%          1    None
b - Call Imp              Summ           ####....     2%          2    None
c - Mephitic Cloud        Conj/Pois/Air  ####....     3%          3    None
d - Blink                 Tloc           N/A          7%          2    None


Dungeon Overview and Level Annotations

Branches:
Dungeon (6/15)
 Temple: D:4-7

Altars:
Dithmenos
Qazlal
Vehumet

Shops:
D:4 :

Annotations:
D:3 tognito's ghost, weakling MiBe
D:4 kae's ghost, amateur HOFi
D:5 Dowan; Duvessa; wojtek's ghost, novice MiFi
D:6 Blackrapter's ghost, novice DrFi


Message History

Aiming: Magic Dart
Press: ? - help, Shift-Dir - straight line, f/p - Blackrapter's ghost
Aim: Blackrapter's ghost (lightly damaged)
The magic dart hits Blackrapter's ghost.
Blackrapter's ghost is lightly damaged.
Your crimson imp blinks!
Blackrapter's ghost hits you.
* * * LOW HITPOINT WARNING * * *
Casting: Magic Dart
Confirm with . or Enter, or press ? or * to list all spells.
Aiming: Magic Dart
Press: ? - help, Shift-Dir - straight line, f/p - Blackrapter's ghost
Aim: Blackrapter's ghost (lightly damaged)
The magic dart hits Blackrapter's ghost.
Blackrapter's ghost is lightly damaged.
Your crimson imp blinks!
Your white imp gestures at Blackrapter's ghost.
The puff of frost hits Blackrapter's ghost.
Blackrapter's ghost hits you!
You die...

....... ..##. ###
####.... ..... ..# ##
#....... .....##.# ..
#.##.... ......#
####.######.###...
...... ...............##
#W..######.#######.....#
#...##...#........####.#
#.###...##..@#..#####.#
### #.......†5..W§5.#
#.# #####..#.#5..#..#
#.#### #..#.#.(.##.#
#.##.# ####.#...##.#
#.##.#
#.######.#####.##.####
#.# ..##.......##.. #.#
#.##.....#.##.. #.#
.##.....#.##..


You could see Blackrapter's ghost, 2 friendly crimson imps and a friendly white
imp.

Vanquished Creatures
  Eustachio (D:5)
  A sky beast (D:6)
  A necrophage (D:6)
  2 ogres
  A big kobold (Sewer)
  A howler monkey (D:4)
  3 crimson imps
  2 hounds (D:4)
  2 orc wizards (D:4)
  A centaur skeleton (D:4)
  A howler monkey zombie (D:6)
  5 adders
  2 river rats
  A shadow imp (D:6)
  An ooze (D:1)
  An adder skeleton (D:3)
  3 worms
  A dart slug (D:4)
  3 leopard geckos
  10 orcs
  A ball python (D:4)
  4 giant cockroaches
  10 goblins
  13 hobgoblins
  5 jackals
  6 kobolds
  A quokka (D:4)
  8 bats
  A frilled lizard (D:1)
  A leopard gecko skeleton (D:4)
  10 rats
103 creatures vanquished.

Vanquished Creatures (collateral kills)
  An adder (D:2)
  A dart slug (D:1)
2 creatures vanquished.

Grand Total: 105 creatures vanquished

Notes
Turn   | Place    | Note
-------+----------+-------------------------------------------
     0 | D:1      | Jawreze the Deep Elf Wizard began the quest for the Orb.
     0 | D:1      | Reached XP level 1. HP: 10/10 MP: 7/7
   245 | D:1      | Reached XP level 2. HP: 15/15 MP: 6/9
   249 | D:1      | Learned a level 2 spell: Call Imp
   696 | D:1      | Reached XP level 3. HP: 19/19 MP: 9/11
   705 | D:1      | Learned a level 3 spell: Mephitic Cloud
   815 | D:2      | Reached skill level 5 in Spellcasting
  1332 | D:3      | Noticed tognito's ghost (weakling MiBe)
  1459 | D:3      | Reached XP level 4. HP: 24/24 MP: 11/13
  2225 | D:4      | Found a glowing drain.
  2312 | Sewer    | Entered a sewer
  2467 | Sewer    | Noticed a big kobold
  2482 | Sewer    | Killed a big kobold
  2482 | Sewer    | Reached skill level 5 in Conjurations
  2482 | Sewer    | Reached XP level 5. HP: 28/28 MP: 4/15
  2646 | Sewer    | Found a white marble altar of Elyvilon.
  2877 | D:4      | Reached XP level 6. HP: 32/32 MP: 9/17
  2925 | D:4      | Noticed kae's ghost (amateur HOFi)
  2948 | D:4      | Found Podann's Book Shoppe.
  3319 | D:5      | Entered Level 5 of the Dungeon
  3370 | D:5      | Noticed Dowan
  3585 | D:4      | Reached skill level 1 in Air Magic
  3585 | D:4      | Reached skill level 1 in Poison Magic
  3701 | D:5      | Noticed wojtek's ghost (novice MiFi)
  3801 | D:4      | Found a stormy altar of Qazlal.
  3801 | D:4      | Found a radiant altar of Vehumet.
  3804 | D:4      | Found a shadowy altar of Dithmenos.
  3810 | D:4      | Became a worshipper of Vehumet
  4377 | D:4      | Paralysed by fainting for 7 turns
  4406 | D:5      | Noticed Eustachio
  4422 | D:5      | Killed Eustachio
  4422 | D:5      | Reached XP level 7. HP: 27/36 MP: 1/18
  4682 | D:4      | Learned a level 2 spell: Blink
  4768 | D:5      | Noticed Duvessa
  5302 | D:6      | Noticed Blackrapter's ghost (novice DrFi)
  5319 | D:6      | Slain by Blackrapter's ghost

Skill      XL: |  1  2  3  4  5  6  7 |
---------------+----------------------+-----
Conjurations   | 2 3 5 6 |  6.7
Spellcasting   | 5 6 |  6.4
Air Magic      | 1 3 |  3.0
Poison Magic   | 2 3 |  3.3
Summonings     | 2 3 |  3.6
Dodging        | |  2.4
Stealth        | |  2.4
Translocations | |  1.1

Action                   |  1- 3 |  4- 6 |  7- 9 || total
-------------------------+-------+-------+-------++-------
Melee: Dagger            |       |   408 |    14 ||   422
 Cast: Magic Dart        |    82 |   165 |    71 ||   318
       Call Imp          |     3 |     7 |     6 ||    16
       Mephitic Cloud    |     2 |     9 |     1 ||    12
  Eat: Chunk             |     1 |     8 |       ||     9
       Ration            |       |     1 |     1 ||     2
Armor: Robe              |     1 |     6 |     7 ||    14
Dodge: Dodged            |     5 |    28 |    20 ||    53
